 Dungeon Crawl Stone Soup version 0.24-a0-244-ga6a6ab7d13 (webtiles) character file.

Game seed: 9825489577792146059

149 Redear the Shield-Bearer (level 5, -3/33 HPs)
             Began as a Gargoyle Fighter on Apr 11, 2019.
             Slain by Zero's ghost (6 damage)
             ... on level 2 of the Dungeon.
             The game lasted 00:05:37 (2091 turns).

Redear the Shield-Bearer (Gargoyle Fighter)         Turns: 2091, Time: 00:05:37

Health: -3/33      AC: 11    Str: 26    XL:     5   Next: 31%
Magic:  5/5        EV: 10    Int:  7    God:
Gold:   84         SH:  4    Dex: 10    Spells: 4/4 levels left

rFire    . . .     SeeInvis .   l - +0 whip
rCold    . . .     Gourm    .   o - +0 buckler
rNeg     + . .     Faith    .   b - +0 scale mail
rPois    ∞         Spirit   .   (helmet restricted)
rElec    +         Reflect  .   (no cloak)
rCorr    .         Harm     .   (no gloves)
MR       .....                  (no boots)
Stlth    ..........             (no amulet)
HPRegen  0.11/turn              (no ring)
MPRegen  0.09/turn              (no ring)

@: mighty
A: horns 1, dopey 1, negative energy resistance 1, electricity resistance,
strong 1, unbreathing, petrification resistance, rot immunity, AC +4
a: no special abilities


You were on level 2 of the Dungeon.
You were not hungry.

You visited 1 branch of the dungeon, and saw 3 of its levels.

You collected 84 gold pieces.

Inventory:

Hand Weapons
 a - a +0 flail
 l - a +0 whip (weapon)
 n - a +0 dagger of venom
Missiles
 q - 82 stones (quivered)
Armour
 b - a +0 scale mail (worn)
 c - a +0 shield
 j - a +0 helmet
 o - a +0 buckler (worn)
Scrolls
 e - 4 scrolls of identify {unknown}
 f - a scroll of enchant weapon {unknown}
 g - a scroll of blinking {unknown}
 h - 2 scrolls of teleportation {unknown}
 k - 4 scrolls of enchant armour {unknown}
 m - 2 scrolls of fog {unknown}
 t - a scroll of amnesia {unknown}
Potions
 i - 2 potions of lignification {unknown}
 p - a potion of mutation {!q}
 r - a potion of curing {unknown}
 s - a potion of flight {unknown}
Comestibles
 u - 2 chunks of flesh
 z - 4 rations


   Skills:
 + Level 4.3 Fighting
 + Level 3.1 Maces & Flails
 + Level 4.2 Armour
 + Level 4.3 Shields


You had 4 spell levels left.
You didn't know any spells.
Your spell library was empty.

Dungeon Overview and Level Annotations

Branches:
Dungeon (3/15)

Altars:
Zin

Shops:
D:2 *

Annotations:
D:2 Zero's ghost, amateur GrBe


Innate Abilities, Weirdness & Mutations

You are resistant to torment.
Your stone body is resilient. (AC +4)
You are immune to poison.
You resist negative energy. (rN+)
You are resistant to electric shocks. (rElec)
You can survive without breathing.
You are immune to petrification.
You are immune to rotting.
You have a pair of small horns on your head.
You are dopey. (Int -2)
Your muscles are strong. (Str +2)


Message History

There is a stone staircase leading up here.
Zero's ghost hits you.
* * * LOW HITPOINT WARNING * * *
You climb upwards.
There is a stone staircase leading down here.
You take 6 damage, and have 3/33 hp.
Press: ? - help, v - describe, . - travel
Here: Zero's ghost (moderately damaged)
The floor.
Unknown command.
Okay, then.
Unknown command.
Unknown command.
Unknown command.
Unknown command.
Unknown command.
It was a potion of mutation.
You feel extremely strange.
You feel stronger.
You feel stupid. A pair of horns grows on your head!
Your +0 helmet falls away!
Zero's ghost hits you.
You die...

#....# #.....#.##.# #....#
#.#.###.##.# ####.# #.#.# #.##.#
### #######.#######.#.# #.##.#
... ................#.# #.#..#
#############)#########.# #.#..#
...........#†.........#.# #.#.##
##########.#..#.#.###.#†# #.#.###
................@W..#.#.# #......
........#..#........#.#.# ###.###
........#..#..........#.# #.#
........#..#......#.###.# #.#
#.......#..#............#####.#
#....##.#..#....#.....#.......#
#....##.#[.#....#.#.#.#.#######
......#.#..#....#.#.#.#.#########
#####.#.#..#....#...#.#..........


You could see Zero's ghost.

Vanquished Creatures
  A bullfrog (D:2)
  3 adders
  2 worms (D:2)
  2 dart slugs
  A leopard gecko (D:2)
  2 giant cockroaches (D:1)
  5 goblins
  5 hobgoblins
  8 jackals
  A quokka (D:2)
  8 bats
  8 kobolds
  4 rats
50 creatures vanquished.

Notes
Turn   | Place    | Note
-------+----------+-------------------------------------------
     0 | D:1      | Redear the Gargoyle Fighter began the quest for the Orb.
     0 | D:1      | Reached XP level 1. HP: 14/14 MP: 1/1
    94 | D:1      | Reached XP level 2. HP: 9/19 MP: 2/2
   736 | D:2      | Reached XP level 3. HP: 21/23 MP: 3/3
  1065 | D:2      | Noticed a phantom
  1369 | D:2      | Noticed a bullfrog
  1383 | D:2      | Killed a bullfrog
  1383 | D:2      | Reached skill level 4 in Fighting
  1383 | D:2      | Reached skill level 4 in Armour
  1383 | D:2      | Reached skill level 4 in Shields
  1383 | D:2      | Reached XP level 4. HP: 17/29 MP: 4/4
  1383 | D:2      | Reached XP level 5. HP: 20/33 MP: 5/5
  1397 | D:2      | Found Zin's Purification Station.
  1399 | D:2      | Found a glowing silver altar of Zin.
  1574 | D:3      | Reached skill level 3 in Maces & Flails
  2058 | D:3      | Found a runed translucent door.
  2058 | D:3      | Noticed Zero's ghost (amateur GrBe)
  2089 | D:3      | HP: 3/33 [Zero's ghost (6)]
  2091 | D:2      | Gained mutation: Your muscles are strong. (Str +2) [potion
                  | of mutation]
  2091 | D:2      | Gained mutation: You are dopey. (Int -2) [potion of
                  | mutation]
  2091 | D:2      | Gained mutation: You have a pair of small horns on your
                  | head. [potion of mutation]
  2091 | D:2      | Slain by Zero's ghost

Levels and vault maps discovered:
D:1:      nzn_arrival_crosshair, layout_basic
D:2:      minmay_angry_zag, layout_basic, zin_purify, first_ration
D:3:      layout_basic, ebering_ghost_sewer_d

Skill      XL: |  1  2  3  4  5 |
---------------+----------------+-----
Fighting       | 4 |  4.3
Armour         | 4 |  4.2
Shields        | 4 |  4.3
Maces & Flails | 3 |  3.1

Action                   |  1- 3 |  4- 6 || total
-------------------------+-------+-------++-------
Melee: Flail             |    53 |       ||    53
       Whip              |   191 |   102 ||   293
  Use: Potion            |       |     2 ||     2
  Eat: Chunk             |     1 |     3 ||     4
Armor: Scale mail        |   158 |    54 ||   212
Dodge: Dodged            |   133 |    46 ||   179
Block: Buckler           |    32 |    17 ||    49

Table legend:
 A = Non-vault XP
 B = Vault XP
 C = Vault XP percentage of total XP
 D = Non-vault monster count
 E = Vault monster count
 F = Vault count percentage of total count
                 A         B        C        D         E       F
            +---------+---------+-------+---------+---------+-------
      Total |     183 |      31 |  14.5 |      45 |       5 |  10.0
            +---------+---------+-------+---------+---------+-------
        D:1 |      28 |       0 |   0.0 |      16 |       0 |   0.0
        D:2 |     136 |       5 |   3.5 |      17 |       3 |  15.0
        D:3 |      19 |      26 |  57.8 |      12 |       2 |  14.3
            +---------+---------+-------+---------+---------+-------
